 Dungeon Crawl Stone Soup version 0.21-a0-584-g185da8e (webtiles) character file.

523064 Amnesiac the Ruinous (level 24, 0/136 HPs)
             Began as a Deep Elf Ice Elementalist on Dec 20, 2017.
             Was the Champion of Sif Muna.
             Killed by the air
             ... invoked by a titan
              (22 damage)
             ... on level 1 of the Realm of Zot on Dec 21, 2017.
             The game lasted 03:12:07 (72658 turns).

Amnesiac the Ruinous (Deep Elf Ice Elementalist)   Turns: 72658, Time: 03:12:08

Health: 0/136      AC:  9    Str:  3      XL:     24   Next: 17%
Magic:  0/61       EV: 19    Int: 42      God:    Sif Muna [******]
Gold:   4732       SH:  8    Dex: 14 (16) Spells: 5/69 levels left

rFire    + . .     SeeInvis .   a - staff of conjuration
rCold    + + .     Gourm    .   S - +3 buckler {rF+}
rNeg     . . .     Faith    +   m - +0 robe {rC+ rF+}
rPois    .         Spirit   .   t - +1 helmet {Int+3}
rElec    .         Reflect  .   k - +0 cloak
rCorr    .         Harm     .   O - +2 pair of gloves
MR       ++...                  L - +0 pair of boots
Stlth    ++........             d - amulet of Wonder {Faith Int+7}
HPRegen  0.32/turn              J - ring of magical power
MPRegen  0.37/turn              z - ring of ice

@: lethally poisoned (0 -> -40), drained, no casting, deflect missiles
A: weak 1, no potion heal 1
}: 3/15 runes: barnacled, slimy, gossamer
a: Stop Divine Energy, Channel Magic, Forget Spell, Renounce Religion


You were on level 1 of the Realm of Zot.
You worshipped Sif Muna.
Sif Muna was exalted by your worship.
You were hungry.

You visited 10 branches of the dungeon, and saw 46 of its levels.
You also visited: Ice Cave.

You collected 5584 gold pieces.
You spent 852 gold pieces at shops.

Inventory:

Hand Weapons
 P - a +9 quick blade of draining
Armour
 k - a +0 cloak (worn)
 m - a +0 robe of resistance (worn)
 q - a +1 cloak
 t - a +1 helmet of intelligence (worn)
 L - a +0 pair of boots (worn)
 O - a +2 pair of gloves (worn)
 S - a +3 buckler of fire resistance (worn)
Magical Staves
 a - an uncursed staff of conjuration (weapon)
 b - an uncursed staff of cold
Jewellery
 d - the amulet of Wonder (around neck) {Faith Int+7}
   (You took it off a tengu reaver on level 3 of the Depths)

   [amulet of faith]

   It allows you to gain divine favour quickly.
   It affects your intelligence (+7).
 f - the ring of Gielosus {rC+ rN+ EV+4}
   (You took it off a deep elf annihilator on level 3 of the Elven Halls)

   [ring of evasion]

   It affects your evasion (+4).
   It protects you from cold.
   It protects you from negative energy.
 z - a ring of ice (right hand)
 A - an uncursed ring of resist corrosion
 J - a ring of magical power (left hand)
 K - an uncursed ring of wizardry
 Z - the ring "Rubu" {rPois rF+ Str-2 SInv Stlth+}
   (You took it off a deep elf mage on level 3 of the Elven Halls)

   [ring of protection from fire]

   It affects your strength (-2).
   It protects you from fire.
   It protects you from poison.
   It lets you see invisible.
   It makes you more stealthy.
Wands
 I - a wand of digging (11)
Scrolls
 g - 13 scrolls of remove curse {!r}
 i - 2 scrolls of silence {!r}
 n - 8 scrolls of fear {!r}
 r - 2 scrolls of amnesia {!r}
 s - 20 scrolls of teleportation {!r}
 u - 5 scrolls of blinking {!r}
 y - 19 scrolls of identify {!r}
 E - 2 scrolls of summoning {!r}
 F - a scroll of holy word {!r}
 G - 13 scrolls of magic mapping {!r}
 H - 4 scrolls of vulnerability {!r}
 M - 2 scrolls of fog {!r}
Potions
 e - 9 potions of might {!q}
 h - 7 potions of magic {!q}
 j - 5 potions of brilliance {!q}
 l - 7 potions of agility {!q}
 p - a potion of invisibility {!q}
 v - 4 potions of mutation {!q}
 x - 19 potions of curing {!q}
 C - 4 potions of cancellation {!q}
 D - 11 potions of flight {!q}
 Q - a potion of resistance {!q}
 X - 8 potions of haste {!q}
Books
 o - Sif Muna's Reference Book on Confrontation
   (Sif Muna gifted it to you on level 4 of the Depths)

   Spells                             Type                      Level
   a - Fulminant Prism                Conjuration/Hexes            4
   b - Iskenderun's Mystic Blast      Conjuration                  4
   c - Irradiate                      Conjuration/Transmutation    5
   d - Freezing Cloud                 Conjuration/Ice/Air          6
 w - Sif Muna's Almanac of the Escort
   (Sif Muna gifted it to you on level 3 of the Depths)

   Spells                             Type                      Level
   a - Call Imp                       Summoning                    2
   b - Summon Mana Viper              Hexes/Summoning              5
   c - Malign Gateway                 Summoning/Translocation      7
   d - Summon Horrible Things         Summoning                    8
 N - a book of Beasts

   Spells                             Type                      Level
   a - Summon Butterflies             Summoning                    1
   b - Call Canine Familiar           Summoning                    3
   c - Summon Ice Beast               Ice/Summoning                4
   d - Summon Mana Viper              Hexes/Summoning              5
   e - Summon Hydra                   Summoning                    7
Comestibles
 c - 47 rations


   Skills:
 + Level 9.7(8.4) Fighting
 + Level 13.2(11.8) Dodging
 - Level 3.0(1.9) Stealth
 - Level 4.0(2.9) Shields
 - Level 23.0(21.2) Spellcasting
 - Level 24.1(22.3) Conjurations
 - Level 7.0(5.7) Hexes
 - Level 15.0(13.5) Charms
 - Level 12.0(10.6) Necromancy
 + Level 2.3(1.2) Translocations
 - Level 24.0(22.2) Ice Magic
 - Level 5.0(3.8) Air Magic
 - Level 12.0(10.6) Invocations


You had 5 spell levels left.
You knew the following spells:

 Your Spells              Type           Power        Failure   Level  Hunger
a - Bolt of Cold          Conj/Ice       #########.   0%          6    None
b - Ozocubu's Armour      Chrm/Ice       ########     0%          3    None
c - Passwall              Tmut/Erth      #####.....   1%          2    None
d - Orb of Destruction    Conj           ########..   1%          7    None
e - Glaciate              Conj/Ice       #########.   5%          9    ###....
f - Passage of Golubria   Tloc           N/A          3%          4    None
g - Death's Door          Chrm/Necr      #######...   26%         8    None
h - Disjunction           Tloc           ######....   100%        8    None
i - Invisibility          Hex            #######.     8%          6    None
r - Regeneration          Chrm/Necr      #######...   0%          3    None
t - Deflect Missiles      Chrm/Air       #######...   2%          6    None
v - Blink                 Tloc           N/A          1%          2    None


Dungeon Overview and Level Annotations

Branches:
Dungeon (15/15)            Temple (1/1) D:7            Lair (6/6) D:8
 Shoals (4/4) Lair:2       Spider (4/4) Lair:3        Slime (5/5) Lair:5
    Orc (2/2) D:11            Elf (3/3) Orc:2        Vaults (0/5) D:13
 Depths (5/5) D:15            Zot (1/5) Depths:5

Altars:
Ashenzari
Cheibriados
Dithmenos
Elyvilon
Fedhas
Gozag
Hepliaklqana
Kikubaaqudgha
Makhleb
Nemelex Xobeh
Okawaru
Qazlal
Ru
Sif Muna
Trog
Uskayaw
Vehumet
Wu Jian
Xom
Yredelemnul
Zin
The Shining One
Jiyva

Shops:
D:4 !   D:10 }%%}   D:11 *   D:15 :   Orc:2 (:[*   Elf:2 }   Elf:3 !
Shoals:1 %   Depths:1 =   Depths:4 (

Portals:
Hell: Depths:1 Depths:2 Depths:3 Depths:4
Abyss: Depths:3 Depths:4
Pandemonium: Depths:1 Depths:3
Ziggurat: Depths:4

Annotations:
D:13 Frances
Depths:3 1 runed door


Innate Abilities, Weirdness & Mutations

You are weak. (Str -2)
Potions are less effective at restoring your health.


Message History

The frost giant is poisoned.
The frost giant gestures at you while chanting.
You deflect the bolt of cold!
The purple draconian is engulfed in freezing vapours.
Something unseen opens the door.
Found a scroll of blinking and a lightning rod (4/4).
A sphinx comes into view.
Unknown command.
Unknown command.
You are engulfed in poison gas.
You are more poisoned.
You feel very sick. Something hits you.
* * * LOW HITPOINT WARNING * * *
You feel clumsy. Something hits you.
* * * LOW HITPOINT WARNING * * *
You block something's attack.
The frost giant is engulfed in freezing vapours.
The moth of wrath is engulfed in freezing vapours.
The storm dragon is engulfed in freezing vapours.
The red draconian is engulfed in freezing vapours.
You kill the red draconian!
Sif Muna accepts your kill.
The frost giant is engulfed in freezing vapours.
A sphinx opens the door.
The yellow draconian is engulfed in freezing vapours.
The yellow draconian seems to slow down.
You kill the yellow draconian!
Sif Muna accepts your kill.
The green draconian is engulfed in freezing vapours.
The green draconian seems to slow down.
The purple draconian is engulfed in freezing vapours.
The frost giant is engulfed in poison gas.
The frost giant looks even sicker.
The white draconian monk is engulfed in freezing vapours. 2 titans and a death cob come into view.
You feel very sick.
The death cob is engulfed in freezing vapours.
The moth of wrath is engulfed in freezing vapours.
The moth of wrath goads the storm dragon on!
The storm dragon goes berserk!
You feel you are being watched by something.
You feel your power leaking away. Something hits you.
* * * LOW HITPOINT WARNING * * *
Something hits you!
* * * LOW HITPOINT WARNING * * *
You feel clumsy.
Something stings you but does no damage.
The deep elf sorcerer casts a spell.
The deep elf sorcerer seems to speed up.
The frost giant is engulfed in freezing vapours.
The frost giant gestures at you while chanting.
The bolt of cold hits you! You resist.
* * * LOW HITPOINT WARNING * * *
The storm dragon is engulfed in freezing vapours.
The power of Zot is invoked against you!
You are engulfed in negative energy!
You feel drained.
The death cob is engulfed in freezing vapours.
The purple draconian is engulfed in freezing vapours.
The purple draconian seems to slow down.
The titan waves its arms in wide circles.
The air twists around and strikes you!
You die...

.$$'% #... .
§H#§ #§§§ .§
#§#§ #§§§
.§§#§dC §§§
§§§§§ §§ §#
##§#§§§#C##§§#%
.§§§d§D§§§8§D'e
#§§§y§C@§.#
.§§§§§§§§§§§(C?
##§#d§§#§##§§#}
§.§§. §§ 8#
.§§#§§§ §z§ .§
#8#§ #§§q .
§§#§ #§§. .$C+[
#..d


You could see a white draconian monk, an iron dragon, 2 titans, a storm dragon
(berserk), 3 frost giants, 3 draconians, a purple draconian, a death cob, a
sphinx, a deep elf sorcerer and a moth of wrath.

Vanquished Creatures
  the Royal Jelly (Slime:5)
  3 juggernauts
  Margery (Depths:5)
  A caustic shrike (Depths:1)
  2 golden dragons
  6 liches
  3 tentacled monstrosities
  A titan (Depths:3)
  A deep elf master archer (Elf:3)
  3 deep elf blademasters (Elf:3)
  25 acid blobs
  2 quicksilver dragons
  7 sphinxes
  2 krakens
  Agnes (D:14)
  Kirke (Shoals:1)
  A shadow dragon (Depths:5)
  5 storm dragons
  2 tengu reavers
  Donald (Elf:2)
  Ilsuiw (Shoals:4)
  Roxanne (Shoals:1)
  2 draconian knights (Depths:5)
  12 fire giants
  19 azure jellies
  6 deep elf sorcerers
  6 frost giants
  3 ghost moths (Spider:4)
  2 emperor scorpions (Spider:4)
  Louise (Shoals:2)
  An orc warlord (Orc:2)
  3 deep elf elementalists (Elf:3)
  18 stone giants
  2 ghouls
  2 juggernaut skeletons (Depths:3)
  3 entropy weavers
  A green draconian (Depths:5)
  31 very ugly things
  A white draconian (Depths:5)
  2 deep elf demonologists (Elf:3)
  3 black draconians
  A dire elephant (Lair:6)
  3 yellow draconians
  2 purple draconians
  2 red draconians
  5 spark wasps
  8 deep elf annihilators (Elf:3)
  10 deep elf death magi
  16 fire dragons
  A blizzard demon (Depths:3)
  5 death oozes
  7 merfolk javelineers
  4 ogre magi
  12 ettins
  13 merfolk impalers
  11 crystal guardians (Depths:4)
  A quicksilver dragon zombie (Depths:3)
  The ghost of Syneil the Severer, a journeyman MiFi of Wu Jian (D:12)
  11 yaktaur captains
  8 ice dragons
  17 great orbs of eyes
  6 deep elf high priests (Elf:3)
  9 hydras
  8 rakshasas
  A monstrous demonspawn (Depths:3)
  4 vault guards (D:13)
  4 merfolk avatars
  A catoblepas (Lair:6)
  3 merfolk aquamancers (Shoals:4)
  8 spriggan air magi
  11 death yaks (Lair:6)
  3 alligator snapping turtles
  13 two-headed ogres
  2 centaur warriors
  25 dancing weapons
  A vampire mage (Depths:1)
  A satyr (Shoals:4)
  8 deep troll shamans
  3 tengu warriors
  6 spriggan berserkers
  Urug (Lair:2)
  13 deep troll earth magi
  3 orc high priests (Orc:2)
  10 hell knights
  2 soul eaters
  15 deep elf knights
  Sonja (D:13)
  6 spriggans
  2 small abominations (Elf:3)
  An iron troll (Depths:3)
  2 fire crabs (Shoals:2)
  5 skeletal warriors
  11 deep trolls
  3 wizards
  A sixfirhy (Depths:3)
  An unseen horror (D:14)
  An orange crystal statue (Depths:4)
  16 sea snakes
  A flayed ghost (Depths:3)
  3 unseen horrors (shapeshifter)
  8 deep elf archers
  6 glowing orange brains
  5 necromancers
  A lindwurm (shapeshifter) (D:12)
  Pikel (D:6)
  21 orb spiders
  48 deep elf magi
  5 harpies
  32 wolf spiders
  34 ugly things
  4 orc knights
  A golden dragon skeleton (Depths:2)
  5 orc sorcerers
  5 shining eyes
  4 cyclopes
  12 fauns
  14 manticores
  A salamander (Depths:4)
  2 moths of wrath
  A sphinx skeleton (Depths:3)
  14 elephants
  13 merfolk sirens
  A guardian serpent (shapeshifter) (Elf:3)
  2 black mambas
  An eye of devastation (Slime:4)
  6 water nymphs
  An orange demon (Depths:3)
  6 centaur zombies
  A water nymph (shapeshifter) (D:15)
  18 spiny frogs
  An ice statue (IceCv)
  4 gargoyles
  3 torpor snails
  3 rime drakes
  A stone giant skeleton (Depths:2)
  4 komodo dragons
  12 demonic crawlers
  3 kobold demonologists
  21 yaktaurs
  An efreet (D:14)
  10 freezing wraiths (IceCv)
  A hellwing (Depths:1)
  5 tengu conjurers
  2 red devils (Depths:1)
  5 trolls
  18 hornets
  A merfolk (shapeshifter) (Depths:2)
  33 merfolk
  A queen bee (shapeshifter) (D:15)
  A jumping spider (shapeshifter) (D:13)
  28 jumping spiders
  4 polar bears
  28 blink frogs
  11 hippogriffs
  A polar bear (shapeshifter) (Elf:2)
  5 wind drakes
  120 slime creatures
  6 snapping turtles
  8 dream sheep
  A redback (shapeshifter) (Depths:1)
  3 wyverns (D:8)
  50 redbacks
  12 water elementals
  2 shadows
  A vampire (D:11)
  11 air elementals
  25 tarantellas
  29 yaks
  2 fire bats (Shoals:2)
  5 hogs (Shoals:1)
  3 vampire mosquitoes (D:15)
  19 golden eyes
  4 fire elementals
  A basilisk (Lair:2)
  2 hungry ghosts
  A human (Shoals:1)
  A death yak simulacrum (IceCv)
  6 wargs
  A soldier ant (D:11)
  17 water moccasins
  A floating eye (Depths:2)
  A floating eye (shapeshifter) (Elf:2)
  8 porcupines
  29 orc warriors
  An ice beast (shapeshifter) (Depths:2)
  2 necrophages
  4 sky beasts
  8 phantoms
  5 eyes of draining
  10 ice beasts
  5 boggarts (Depths:4)
  11 wolves
  13 ogres
  3 centaurs
  13 crocodiles
  2 big kobolds
  21 bullfrogs
  A wyvern zombie (D:13)
  3 earth elementals
  5 scorpions
  5 killer bees (D:9)
  An electric eel (Spider:3)
  A vampire bat (Orc:1)
  2 howler monkeys
  8 crimson imps
  5 draconian simulacra (IceCv)
  A bullfrog zombie (D:12)
  16 jellies
  42 orc priests
  7 centaur skeletons
  3 hounds
  3 bullfrog skeletons
  32 orc wizards
  Terence (D:3)
  9 worker ants
  An iguana (D:4)
  4 spriggan simulacra
  8 hell rats
  4 yak simulacra (Lair:2)
  7 troll simulacra (IceCv)
  4 polar bear simulacra
  5 wolf simulacra
  2 centaur simulacra (IceCv)
  A hound zombie (D:7)
  A hound skeleton (D:4)
  A mummy (D:13)
  Robin (D:3)
  2 worker ant zombies
  A howler monkey skeleton (D:4)
  7 gnolls
  2 naga simulacra (IceCv)
  An ogre simulacrum (IceCv)
  12 adders
  4 river rats (Lair:5)
  7 shadow imps
  12 white imps (IceCv)
  5 oozes
  3 worms
  4 dart slugs
  9 leopard geckos
  96 orcs
  5 giant cockroaches
  15 goblins
  11 hobgoblins
  8 jackals
  3 quokkas
  2 ball pythons
  20 bats
  6 frilled lizards
  16 kobolds
  11 rats
  A river rat simulacrum (Lair:2)
  A block of ice (Depths:5)
  8 fungi
  9 plants
  4 tentacles
1958 creatures vanquished.

Vanquished Creatures (collateral kills)
  A deep elf archer (Elf:1)
  A phantom (D:7)
  An ogre (D:4)
  2 orc wizards (D:4)
  A shadow imp (D:2)
6 creatures vanquished.

Vanquished Creatures (others)
  2 water elementals (Depths:5)
  An orc priest (D:7)
  An orc wizard (D:9)
  A shadow imp (D:7)
  4 orcs (D:7)
  195 blocks of ice
  19 fungi
  20 plants
  6 tentacles
  5 withered plants (D:13)
254 creatures vanquished.

Grand Total: 2218 creatures vanquished

Notes
Turn   | Place    | Note
-------+----------+-------------------------------------------
     0 | D:1      | Amnesiac the Deep Elf Ice Elementalist began the quest for the Orb.
     0 | D:1      | Reached XP level 1. HP: 10/10 MP: 6/6
   149 | D:1      | Reached XP level 2. HP: 15/15 MP: 2/8
   477 | D:1      | Reached XP level 3. HP: 18/20 MP: 8/10
   573 | D:1      | You fall through a shaft!
   934 | D:1      | Reached skill level 1 in Fighting
   991 | D:1      | Found a sparkling altar of Nemelex Xobeh.
  1074 | D:1      | Learned a level 3 spell: Ozocubu's Armour
  1425 | D:2      | Found a shimmering altar of Xom.
  1520 | D:2      | Reached XP level 4. HP: 23/26 MP: 5/11
  1529 | D:2      | Learned a level 4 spell: Summon Ice Beast
  2245 | D:3      | Reached XP level 5. HP: 22/30 MP: 7/13
  2465 | D:3      | Noticed Robin
  2486 | D:3      | Killed Robin
  2486 | D:3      | Reached skill level 5 in Spellcasting
  2688 | D:3      | Reached skill level 5 in Ice Magic
  2773 | D:3      | Noticed Terence
  2782 | D:3      | Killed Terence
  2782 | D:3      | Reached XP level 6. HP: 23/35 MP: 8/15
  2788 | D:3      | Learned a level 4 spell: Throw Icicle
  3031 | D:4      | Found Aziukhopy's Distillery.
  3038 | D:4      | Bought a potion of curing for 42 gold pieces
  3821 | D:4      | Reached XP level 7. HP: 40/40 MP: 12/16
  4329 | D:5      | Entered Level 5 of the Dungeon
  5345 | D:6      | Got a sparkling diamond amulet
  5371 | D:6      | Reached XP level 8. HP: 23/46 MP: 10/19
  5849 | D:6      | Found a stormy altar of Qazlal.
  6040 | D:6      | Learned a level 2 spell: Ensorcelled Hibernation
  6591 | D:6      | Identified the amulet "Kugracuz" {Spirit rC+ Int-5 Dex+4} (You found it on level 6 of the Dungeon)
  6851 | D:7      | Found a staircase to the Ecumenical Temple.
  6963 | D:7      | Noticed Pikel
  6982 | D:6      | Killed Pikel
  6982 | D:6      | Reached XP level 9. HP: 46/52 MP: 4/20
  7648 | Temple   | Entered the Ecumenical Temple
  7691 | Temple   | Became a worshipper of Sif Muna the Loreminder
  7692 | Temple   | Reached * piety under Sif Muna
  7692 | Temple   | Reached ** piety under Sif Muna
  7692 | Temple   | Reached *** piety under Sif Muna
  7692 | Temple   | Reached skill level 10 in Conjurations
  7692 | Temple   | Reached skill level 10 in Ice Magic
  7692 | Temple   | Reached XP level 10. HP: 58/58 MP: 21/21
  7693 | Temple   | Reached **** piety under Sif Muna
  7693 | Temple   | Reached XP level 11. HP: 62/62 MP: 21/25
  7887 | D:8      | Noticed a two-headed ogre
  8013 | D:8      | Reached skill level 5 in Fighting
  8013 | D:8      | Reached skill level 5 in Dodging
  8781 | D:8      | Found a staircase to the Lair.
  9326 | D:8      | Killed a two-headed ogre
  9326 | D:8      | Reached skill level 10 in Spellcasting
  9458 | D:9      | Reached ***** piety under Sif Muna
  9468 | D:9      | Identified Xodigug's Handbook of Attacks (Sif Muna gifted it to you on level 9 of the Dungeon)
  9468 | D:9      | Received a gift from Sif Muna
 10247 | D:10     | Entered Level 10 of the Dungeon
 10261 | D:10     | Learned a level 4 spell: Ice Form
 10298 | D:10     | Found Resypiw's Gadget Shoppe.
 10330 | D:10     | Found Pephofoli's Food Shop.
 10485 | D:10     | Got a twisted trident
 10700 | D:10     | Found Zuad's Food Shoppe.
 10739 | D:10     | Found a basalt altar of Yredelemnul.
 10742 | D:10     | Found Xolieff's Gadget Emporium.
 10996 | D:11     | Found Deannuar's Assorted Antiques.
 11129 | D:11     | Learned a level 5 spell: Metabolic Englaciation
 11648 | D:11     | Found a staircase to the Orcish Mines.
 11903 | D:11     | Reached XP level 12. HP: 63/68 MP: 4/29
 12698 | D:11     | Learned a level 6 spell: Deflect Missiles
 12790 | D:12     | Identified Ywu Awyj's Compendium of Damaging Bewitchment (Sif Muna gifted it to you on level 12 of the Dungeon)
 12790 | D:12     | Received a gift from Sif Muna
 12821 | D:12     | Got an ancient flail
 13174 | D:12     | Noticed Syneil's ghost (journeyman MiFi)
 13221 | D:12     | Killed Syneil's ghost
 13264 | D:12     | Got a bone quarterstaff
 13381 | D:12     | Found an iron altar of Okawaru.
 13776 | D:13     | Noticed a tengu warrior
 13779 | D:13     | Killed a tengu warrior
 13935 | D:13     | Noticed a two-headed ogre
 13941 | D:13     | Killed a two-headed ogre
 13959 | D:13     | Noticed Frances
 13964 | D:13     | Noticed a ghoul
 14603 | D:13     | Killed a ghoul
 14947 | D:13     | Reached XP level 13. HP: 64/74 MP: 5/31
 14997 | D:13     | Noticed a ghoul
 16207 | D:13     | Found a gate to the Vaults.
 16209 | D:13     | Identified Poulotuh's Grimoire of Stolen Souls and Enchantment (Sif Muna gifted it to you on level 13 of the Dungeon)
 16209 | D:13     | Received a gift from Sif Muna
 16235 | D:13     | Identified the +10 trident "Riynlay" {protect, *Contam +Blink rElec Stlth+} (You found it on level 10 of the Dungeon)
 16236 | D:13     | Identified the +6 flail of a treasure trove {crush, *Noise rElec MR+ Str+5} (You found it on level 12 of the Dungeon)
 16263 | D:13     | Gained mutation: You are weak. (Str -2) [mutagenic glow]
 16279 | D:13     | Identified the +2 quarterstaff of Vofris {freeze, rN+ Int+2} (You found it on level 12 of the Dungeon)
 16336 | D:13     | Noticed Sonja
 16339 | D:13     | Killed Sonja
 16501 | D:13     | Reached skill level 15 in Conjurations
 17002 | D:12     | Killed a ghoul
 18100 | Orc:1    | Entered Level 1 of the Orcish Mines
 18904 | Orc:1    | Learned a level 2 spell: Blink
 19139 | Orc:2    | Entered Level 2 of the Orcish Mines
 19938 | Orc:2    | Noticed an orc warlord
 19954 | Orc:2    | Killed an orc warlord
 20116 | Orc:2    | Reached skill level 1 in Invocations
 20367 | Orc:2    | Reached XP level 14. HP: 80/80 MP: 9/33
 20869 | Orc:2    | Reached skill level 5 in Invocations
 21131 | Orc:2    | Found a staircase to the Elven Halls.
 21162 | Orc:2    | Identified Sif Muna's Incunabulum of the Blaze and Confrontation (Sif Muna gifted it to you on level 2 of the Orcish Mines)
 21162 | Orc:2    | Received a gift from Sif Muna
 21175 | Orc:2    | Learned a level 6 spell: Bolt of Cold
 21372 | Orc:2    | Found Mitsoet's Antique Armour Shoppe.
 21373 | Orc:2    | Found Qoalugopn's Antique Weapon Emporium.
 21374 | Orc:2    | Found Pucvyfes's General Store.
 21374 | Orc:2    | Found Tothuj's Book Shoppe.
 21390 | Orc:2    | Bought a runed hat for 210 gold pieces
 22329 | Elf:1    | Entered Level 1 of the Elven Halls
 23084 | Elf:1    | Reached skill level 15 in Ice Magic
 23238 | Elf:1    | Found a deep blue altar of Sif Muna.
 24412 | D:13     | Learned a level 6 spell: Freezing Cloud
 25568 | Elf:2    | Learned a level 3 spell: Regeneration
 25710 | Elf:2    | Found Qumilyim's Gadget Emporium.
 25847 | Elf:2    | Reached XP level 15. HP: 84/84 MP: 22/35
 25919 | Elf:2    | Noticed a deep elf sorcerer
 26238 | Elf:2    | Killed a deep elf sorcerer
 26638 | Elf:2    | Found a huge runed gate.
 26640 | Elf:2    | Found a huge runed gate.
 26640 | Elf:2    | Found a huge runed gate.
 26641 | Elf:2    | Found a huge runed gate.
 26641 | Elf:2    | Found a huge runed gate.
 27067 | Elf:2    | Noticed Donald
 27137 | Elf:2    | Killed Donald
 27656 | Elf:2    | Identified Iskenderun's Collected Works on Attacks (Sif Muna gifted it to you on level 2 of the Elven Halls)
 27656 | Elf:2    | Received a gift from Sif Muna
 28244 | Elf:3    | Entered Level 3 of the Elven Halls
 29253 | Elf:3    | Noticed a deep elf sorcerer
 29254 | Elf:3    | Killed a deep elf sorcerer
 29396 | Elf:3    | Noticed a deep elf blademaster
 29404 | Elf:3    | Killed a deep elf blademaster
 29404 | Elf:3    | Reached skill level 15 in Spellcasting
 29404 | Elf:3    | Reached XP level 16. HP: 58/94 MP: 18/37
 30066 | Elf:3    | Noticed a deep elf master archer
 30074 | Elf:3    | Received a gift from Sif Muna
 30074 | Elf:3    | Reached skill level 1 in Charms
 30079 | Elf:3    | Reached skill level 1 in Air Magic
 30219 | Elf:3    | Killed a deep elf master archer
 30315 | Elf:3    | Identified Sif Muna's Compendium of Mutagenic Combat Magic (Sif Muna gifted it to you on level 3 of the Elven Halls)
 30500 | Elf:3    | Reached skill level 5 in Charms
 30655 | Elf:3    | Found Ecouq's Distillery.
 30664 | Elf:3    | Bought a potion of heal wounds for 100 gold pieces
 30664 | Elf:3    | Bought a potion of heal wounds for 100 gold pieces
 30664 | Elf:3    | Bought a potion of heal wounds for 100 gold pieces
 30664 | Elf:3    | Bought a potion of heal wounds for 100 gold pieces
 30664 | Elf:3    | Bought a potion of haste for 200 gold pieces
 30673 | Elf:3    | Noticed a deep elf blademaster
 30682 | Elf:3    | Killed a deep elf blademaster
 30684 | Elf:3    | HP: 4/94 [earth elemental[a deep elf elementalist] (32)]
 30945 | Elf:3    | Noticed a deep elf blademaster
 30954 | Elf:3    | Killed a deep elf blademaster
 30993 | Elf:3    | Got a scorched short sword {freeze}
 30993 | Elf:3    | Got a translucent steel ring
 31110 | Elf:3    | Identified the cursed +0 short sword of Conscience {freeze, *Noise rElec MR- Int+7} (You took it off a deep elf mage on level 3 of the Elven Halls)
 31127 | Elf:3    | Identified the ring "Rubu" {rPois rF+ Str-2 SInv Stlth+} (You took it off a deep elf mage on level 3 of the Elven Halls)
 31235 | Elf:3    | Got a twisted robe
 31399 | Elf:3    | Got a crude bronze ring
 31403 | Elf:3    | Identified the ring of Gielosus {rC+ rN+ EV+4} (You took it off a deep elf annihilator on level 3 of the Elven Halls)
 31414 | Elf:3    | Identified the +1 robe of Efoaqiss {rPois rN+} (You took it off a deep elf elementalist on level 3 of the Elven Halls)
 31760 | Elf:3    | Identified the Disquisition on the Flamy Traveller
 31802 | Elf:3    | Got a warped longbow
 31862 | Elf:3    | Got a brightly glowing golden ring
 31920 | Elf:3    | Learned a level 9 spell: Glaciate
 32110 | D:13     | Learned a level 6 spell: Iron Shot
 32118 | D:13     | Identified the cursed +3 longbow "Uzerph" {flame, Dex+6} (You found it on level 3 of the Elven Halls)
 32124 | D:13     | Identified the ring "Xexe" {rF- Str+4 Stlth-} (You took it off a deep elf mage on level 3 of the Elven Halls)
 32259 | D:14     | Noticed Agnes
 32261 | D:14     | Killed Agnes
 32932 | D:15     | Entered Level 15 of the Dungeon
 33069 | D:15     | Found a shimmering altar of Xom.
 33097 | D:15     | Received a gift from Sif Muna
 33101 | D:15     | Reached skill level 5 in Air Magic
 33191 | D:15     | Identified a scroll of acquirement {!r}
 33796 | D:15     | Reached XP level 17. HP: 100/100 MP: 26/39
 33855 | D:15     | Found a staircase to the Depths.
 34074 | D:15     | Found Ezuhifogac's Book Emporium.
 34240 | Depths:1 | Entered Level 1 of the Depths
 34240 | Depths:1 | Found a one-way gate leading to the halls of Pandemonium.
 34547 | Lair:1   | Entered Level 1 of the Lair of Beasts
 34667 | Lair:1   | Found a frozen archway.
 34685 | IceCv    | Entered an ice cave
 35111 | IceCv    | Reached skill level 10 in Dodging
 35265 | IceCv    | Found an ancient bone altar of Kikubaaqudgha.
 35935 | IceCv    | Got a dazzling hat
 36246 | IceCv    | Identified the cursed +0 hat "Qibeam" {+Fly rC+} (You found it in an ice cave)
 37351 | Lair:2   | Found a staircase to the Shoals.
 37620 | Lair:2   | You fall through a shaft!
 37697 | Lair:3   | Identified Sif Muna's Incunabulum of Harmful Aid (Sif Muna gifted it to you on level 3 of the Lair of Beasts)
 37697 | Lair:3   | Received a gift from Sif Muna
 37788 | Lair:3   | Learned a level 7 spell: Orb of Destruction
 38034 | Lair:3   | Found a hole to the Spider Nest.
 38496 | Lair:2   | Noticed Urug
 38500 | Lair:2   | Killed Urug
 41203 | Lair:5   | Found the +4 Vampire's Tooth {vamp}
 41345 | Lair:5   | Found a staircase to the Slime Pits.
 41792 | Lair:6   | Entered Level 6 of the Lair of Beasts
 42156 | Lair:6   | Identified Ruenined's Tome of the Boar (Sif Muna gifted it to you on level 6 of the Lair of Beasts)
 42156 | Lair:6   | Received a gift from Sif Muna
 43215 | Lair:6   | Reached XP level 18. HP: 105/105 MP: 0/41
 44235 | Spider:1 | Entered Level 1 of the Spider Nest
 44239 | Spider:1 | Reached ****** piety under Sif Muna
 44891 | Spider:1 | Identified Sif Muna's Collected Works on Icy Hexes (Sif Muna gifted it to you on level 1 of the Spider Nest)
 44891 | Spider:1 | Received a gift from Sif Muna
 46914 | Spider:2 | You fall through a shaft!
 47055 | Spider:3 | Identified Ereshkigal's Almanac of Arcane Weapons (Sif Muna gifted it to you on level 3 of the Spider Nest)
 47055 | Spider:3 | Received a gift from Sif Muna
 48846 | Spider:4 | Entered Level 4 of the Spider Nest
 49604 | Spider:4 | Received a gift from Sif Muna
 51132 | Spider:4 | Got a gossamer rune of Zot
 51542 | D:13     | Learned a level 2 spell: Passwall
 51688 | Shoals:1 | Entered Level 1 of the Shoals
 51716 | Shoals:1 | Noticed Kirke
 51721 | Shoals:1 | Killed Kirke
 51721 | Shoals:1 | Reached XP level 19. HP: 110/110 MP: 20/42
 51977 | Shoals:1 | Found Beaneodgh's Food Shoppe.
 51986 | Shoals:1 | Received a gift from Sif Muna
 52163 | Shoals:1 | Noticed Roxanne
 52169 | Shoals:1 | Killed Roxanne
 52751 | Shoals:2 | Noticed Louise
 52990 | Shoals:2 | Killed Louise
 53040 | Shoals:2 | HP: 5/110 [merfolk/trident (20)]
 54259 | Shoals:4 | Entered Level 4 of the Shoals
 54540 | Shoals:4 | Identified Sif Muna's Catalogue of the Lethal Birds (Sif Muna gifted it to you on level 4 of the Shoals)
 54540 | Shoals:4 | Received a gift from Sif Muna
 56037 | Shoals:4 | Noticed Ilsuiw
 56042 | Shoals:4 | Killed Ilsuiw
 56519 | Shoals:4 | Identified the Handbook of Congealing Lightness
 56629 | Shoals:4 | Got a barnacled rune of Zot
 56924 | Slime:1  | Entered Level 1 of the Pits of Slime
 57140 | Slime:1  | Identified Sif Muna's Tome of Conjuration (Sif Muna gifted it to you on level 1 of the Pits of Slime)
 57140 | Slime:1  | Received a gift from Sif Muna
 57145 | Slime:1  | Reached XP level 20. HP: 115/115 MP: 22/44
 58635 | Slime:4  | Identified Sif Muna's Catalogue of Attacks and the Mountains (Sif Muna gifted it to you on level 4 of the Pits of Slime)
 58635 | Slime:4  | Received a gift from Sif Muna
 58660 | Slime:4  | Paralysed by a great orb of eyes for 3 turns
 58968 | Slime:5  | Entered Level 5 of the Pits of Slime
 59530 | Slime:5  | Gained mutation: Potions are less effective at restoring your health. [a shining eye]
 59742 | Slime:5  | Noticed the Royal Jelly
 59869 | Slime:5  | Received a gift from Sif Muna
 60037 | Slime:5  | Found a viscous altar of Jiyva.
 60056 | Slime:5  | Killed the Royal Jelly
 60298 | Slime:5  | Got a faintly glowing marble ring
 60300 | Slime:5  | Identified the ring "Xetel" {Int+2 Dex+2 SInv} (You found it on level 5 of the Pits of Slime)
 60306 | Slime:5  | Got a shimmering trident
 60349 | Slime:5  | Identified the Volume of the Mountains and Moulding
 60378 | Slime:5  | Got a slimy rune of Zot
 60402 | Slime:5  | Identified the Reference Book on Envenoming
 60406 | Slime:5  | Got a brightly glowing short sword
 60407 | Slime:5  | Identified the Papyrus of Congealing Battle Magic
 60418 | Slime:5  | Identified the +4 short sword "Egg" {freeze, rF+ Dex+5} (You found it on level 5 of the Pits of Slime)
 60435 | Slime:5  | Reached XP level 21. HP: 119/119 MP: 16/47
 61023 | D:13     | Learned a level 4 spell: Passage of Golubria
 61030 | D:13     | Learned a level 6 spell: Ozocubu's Refrigeration
 61037 | D:13     | Learned a level 6 spell: Invisibility
 61338 | Depths:1 | Received a gift from Sif Muna
 61645 | Depths:1 | Found Ewnuy's Jewellery Shop.
 62445 | Depths:2 | Found an ornate altar of the Wu Jian Council.
 62446 | Depths:2 | Found a bloodstained altar of Trog.
 62446 | Depths:2 | Found a white marble altar of Elyvilon.
 62448 | Depths:2 | Found a gateway to Hell.
 63331 | Depths:2 | Identified Sif Muna's Incunabulum of Assistive Unholy Secrets (Sif Muna gifted it to you on level 2 of the Depths)
 63331 | Depths:2 | Received a gift from Sif Muna
 64087 | Depths:2 | Noticed a juggernaut
 64089 | Depths:2 | Killed a juggernaut
 64220 | Depths:2 | Reached XP level 22. HP: 124/124 MP: 36/50
 64961 | Depths:1 | Received a gift from Sif Muna
 64962 | Depths:1 | Identified Sif Muna's Incunabulum of Protection (Sif Muna gifted it to you on level 1 of the Depths)
 65014 | Depths:1 | Noticed a caustic shrike
 65018 | Depths:1 | Killed a caustic shrike
 65282 | Depths:1 | Got a shimmering quarterstaff
 65295 | Depths:1 | Got a crystal broad axe
 65580 | Depths:1 | Identified the +5 broad axe of Collusion {freeze, rN++} (You found it on level 1 of the Depths)
 65899 | D:13     | Learned a level 8 spell: Death's Door
 65908 | D:13     | Learned a level 8 spell: Disjunction
 66288 | Depths:3 | Reached skill level 1 in Hexes
 66297 | Depths:3 | Noticed a juggernaut
 66300 | Depths:3 | Killed a juggernaut
 66300 | Depths:3 | Reached skill level 5 in Hexes
 66628 | Depths:3 | Noticed a golden dragon
 66631 | Depths:3 | Killed a golden dragon
 66634 | Depths:3 | Reached skill level 10 in Invocations
 67195 | Depths:4 | Found a one-way gate to the infinite horrors of the Abyss.
 67450 | Depths:4 | Found a gateway to a ziggurat.
 67864 | Depths:4 | Identified Sif Muna's Reference Book on Confrontation (Sif Muna gifted it to you on level 4 of the Depths)
 67864 | Depths:4 | Received a gift from Sif Muna
 67864 | Depths:4 | Reached skill level 1 in Necromancy
 68131 | Depths:4 | Found a deep blue altar of Sif Muna.
 68186 | Depths:4 | Got a flickering amber ring
 68196 | Depths:4 | Identified the ring of Uleotteqa {*Contam +Fly rPois Dex+2 SInv} (You found it on level 4 of the Depths)
 68518 | Depths:4 | Reached XP level 23. HP: 129/129 MP: 35/52
 68854 | Depths:4 | Found Kiaroas's Antique Weapon Shop.
 69046 | Depths:3 | Reached skill level 5 in Necromancy
 69245 | Depths:3 | Reached skill level 10 in Charms
 69379 | Depths:3 | Got a polished mace {crush}
 69406 | Depths:3 | Identified the cursed +1 mace of Imminent Death {crush, rN+} (You took it off a yaktaur captain on level 3 of the Depths)
 69469 | Depths:3 | Found a runed door.
 69476 | Depths:3 | Identified Sif Muna's Almanac of the Escort (Sif Muna gifted it to you on level 3 of the Depths)
 69476 | Depths:3 | Received a gift from Sif Muna
 69847 | Depths:3 | Paralysed by a great orb of eyes for 7 turns
 69997 | Depths:3 | Got a sparkling ruby amulet
 70670 | Depths:3 | Reached skill level 10 in Necromancy
 70759 | Depths:3 | Received a gift from Sif Muna
 71322 | Depths:5 | Entered Level 5 of the Depths
 71344 | Depths:5 | Noticed Margery
 71355 | Depths:5 | Noticed a juggernaut
 71361 | Depths:5 | Killed a juggernaut
 71361 | Depths:5 | Killed Margery
 71773 | Depths:5 | Identified the amulet of Wonder {Faith Int+7} (You took it off a tengu reaver on level 3 of the Depths)
 71822 | Depths:5 | Found a gate to the Realm of Zot.
 71825 | Depths:5 | Reached skill level 15 in Charms
 71853 | Depths:5 | Reached XP level 24. HP: 135/135 MP: 0/52
 72652 | Zot:1    | Entered Level 1 of the Realm of Zot
 72653 | Zot:1    | Reached skill level 1 in Translocations
 72658 | Zot:1    | Killed from afar by a titan

Vault maps used:
D:1:      evilmike_arrival_rings, nemelex_diamond_rough_becter
D:2:      lemuel_coloured_pillars_altar, roderic_serpentine_path
D:3:      uniq_terence, uniq_robin
D:4:      cheibrodos_barr_body, first_ration, serial_shops, shop
D:6:      basic_altar, palyth_stone_intersect, nicolae_water_bricks
D:7:      temple_pool_b, kennysheep_generic_room_13, uniq_pikel
D:8:      erik_lair_orcish_takeover
D:10:     basic_altar, serial_shops, nicolae_shop_window_shopping, shop, shop,
          shop
D:11:     hiddenorc2_lemuel, serial_shops, shop, kennysheep_doodads,
          hangedman_pestilent_swarm
D:12:     kennysheep_funnel, okawaru_ov_weapons_minmay
D:13:     grunt_vaults_entry_fortified, serial_undead, serial_undead_e,
          serial_undead_f, serial_undead_b, serial_undead_a, uniq_sonja,
          uniq_frances
D:14:     minmay_misc_feat_iff, small_chamber_with_monster, uniq_agnes
D:15:     gammafunk_enter_depths_forms, lemuel_crystal_altar, serial_shops,
          shop, grunt_ministairs_5, lightli_wizard_tower
Temple:   kilobyte_greek_temple
Lair:1:   portal_ice_cave_entry_pillars_2, minivault_11, beast_lair_carwin_2
Lair:2:   minmay_shoals_entry_beasts, st_stairs_3, eino_house_with_fridge,
          grunt_megastairs_2, infiniplex_staircase_pool_2, uniq_urug
Lair:3:   spider_nest_entry_webs, eino_small_chamber_without_monster
Lair:5:   cheibrodos_lair_overgrown_chateau, minmay_slime_entry_jelly_boxes,
          kennysheep_abandoned_house
Lair:6:   grunt_lair_end_beastmaster, patterned_corridor, lemuel_fruit_tree,
          grunt_megastairs_3, serial_bayou_shore_b
Shoals:1: serial_shops, shop, uniq_kirke, uniq_roxanne
Shoals:2: hangedman_shoal_volcano, uniq_louise
Shoals:4: shoals_end_grunt_ice, shoal_ilsuiw, nicolae_shoals_hunting_party
Spider:3: nicolae_spider_circle_web, spider_trap
Spider:4: grunt_spider_rune_parallel
Slime:2:  cheibrodos_slime_lost_civilization_7
Slime:4:  nicolae_slime_round_cave
Orc:1:    roderic_batcave, nicolae_orc_pool_cavern, library_closet
Orc:2:    st_orc_congregation
Elf:1:    elf_arrival_001, minmay_elf_crystal_heptagon, st_stairs_13,
          lemuel_blue_sif_altar
Elf:2:    serial_shops, shop, st_stairs_10, uniq_donald
Elf:3:    minmay_elf_hall_quartered_circle, serial_shops, shop
Depths:1: pan_entry, serial_shops, nicolae_shop_stone, hellmouth_1,
          st_stairs_10, minmay_variable_closet, minmay_swirly_circle,
          serial_bayou_shore_a
Depths:2: hangedman_slaughterboxes, hell_entry
Depths:3: minmay_the_grid_square_5x5_4x4_mashed, hell_entry, abyss_entry,
          rand_demon_pan_entry_7, infiniplex_staircase_zigzag_4
Depths:4: minmay_crystal_thing, enter_ziggurat_b, abyss_entry, serial_shops,
          shop, serial_sigils_hangedman_writhe, hell_entry,
          infiniplex_staircase_pool_1
Depths:5: grunt_crosshair, hangedman_coc_ice_floe, hangedman_decor_points,
          lemuel_freeze_loot_1, uniq_margery
Zot:1:    hangedman_zot_vaults_quadrants, st_single_dragon_hoard_1
IceCv:    ice_cave_small_necro

Skill      XL: |  1  2  3  4  5  6  7  8  9 10 11 12 13 14 15 16 17 18 19 20 21 22 23 24 |
---------------+-------------------------------------------------------------------------+-----
Stealth        | 3 |  3.0
Dodging        | 3 4 5 6 9 12 13 | 13.2
Fighting       | 2 3 4 5 6 8 9 |  9.7
Spellcasting   | 4 5 6 8 11 12 13 14 15 16 17 18 20 22 23 | 23.0
Ice Magic      | 4 5 6 7 10 11 12 13 14 16 17 18 23 24 | 24.0
Conjurations   | 2 4 10 11 12 14 15 16 17 18 20 22 24 | 24.1
Shields        | 3 4 |  4.0
Invocations    | 2 8 12 | 12.0
Charms         | 7 8 15 | 15.0
Air Magic      | 5 |  5.0
Hexes          | 7 |  7.0
Necromancy     | 3 12 | 12.0
Translocations | 2 |  2.3

Action                   |  1- 3 |  4- 6 |  7- 9 | 10-12 | 13-15 | 16-18 | 19-21 | 22-24 || total
-------------------------+-------+-------+-------+-------+-------+-------+-------+-------++-------
Melee: Unarmed           |    12 |    47 |       |       |       |       |       |       ||    59
       Flail             |       |     1 |    24 |       |    47 |       |       |       ||    72
       Staff             |       |       |     8 |    33 |     9 |   101 |    41 |    10 ||   202
       Dagger            |       |       |     6 |       |       |       |       |       ||     6
 Cast: Freeze            |    73 |   105 |    80 |   155 |       |       |       |       ||   413
       Ozocubu's Armour  |       |     4 |     2 |     3 |     9 |     2 |     2 |       ||    22
       Summon Ice Beast  |       |     2 |     2 |     4 |     8 |       |       |       ||    16
       Throw Icicle      |       |     1 |    31 |   262 |   547 |    74 |       |       ||   915
       Ensorcelled Hiber |       |       |     3 |     9 |     1 |       |       |       ||    13
       Bolt of Cold      |       |       |       |       |    31 |   444 |    82 |    68 ||   625
       Freezing Cloud    |       |       |       |       |    32 |    37 |     1 |       ||    70
       Regeneration      |       |       |       |       |     4 |     8 |       |     3 ||    15
       Iron Shot         |       |       |       |       |       |    75 |       |       ||    75
       Deflect Missiles  |       |       |       |       |       |     2 |     7 |     3 ||    12
       Orb of Destructio |       |       |       |       |       |   107 |   215 |   197 ||   519
       Glaciate          |       |       |       |       |       |     8 |    98 |    45 ||   151
Invok: Divine Energy     |       |       |       |     1 |       |       |       |       ||     1
       Forget Spell      |       |       |       |       |     1 |       |       |       ||     1
       Channel Magic     |       |       |       |       |       |       |       |     2 ||     2
  Use: Scroll            |     5 |       |     9 |     8 |     5 |    28 |     8 |    14 ||    77
       Potion            |     1 |       |     3 |     6 |     6 |     6 |     6 |     2 ||    30
 Stab: Sleeping          |     1 |       |       |       |       |       |       |       ||     1
       Invisible         |       |       |       |     1 |       |       |       |       ||     1
  Eat: Chunk             |     2 |     8 |    13 |    18 |    39 |    84 |    37 |    14 ||   215
       Ration            |       |       |     1 |     1 |     5 |    16 |    22 |     6 ||    51
Armor: Robe              |    11 |    31 |    14 |    43 |    43 |    45 |    15 |     9 ||   211
Dodge: Dodged            |    55 |    78 |    66 |   113 |   160 |   263 |   200 |    87 ||  1022
       Deflected         |       |       |       |       |       |    13 |    52 |    39 ||   104
Block: Buckler           |       |       |       |    59 |    36 |    86 |    72 |    36 ||   289

Table legend:
 A = Spawn XP
 B = Non-spawn XP
 C = Spawn XP percentage of total XP
 D = Spawn monster count
 E = Non-spawn monster count
 F = Spawn count percentage of total count
 G = Total turns spent on level
                    A         B        C        D         E        F      G
               +---------+---------+-------+---------+---------+-------+---------
         Total |       0 | 1006361 |   0.0 |       0 |    1924 |   0.0 | 72658
               +---------+---------+-------+---------+---------+-------+---------
           D:1 |       0 |      62 |   0.0 |       0 |      34 |   0.0 |  1005
           D:2 |       0 |     122 |   0.0 |       0 |      22 |   0.0 |  1113
           D:3 |       0 |     201 |   0.0 |       0 |      29 |   0.0 |   850
           D:4 |       0 |     607 |   0.0 |       0 |      26 |   0.0 |  1361
           D:5 |       0 |     374 |   0.0 |       0 |      15 |   0.0 |  1083
           D:6 |       0 |    1275 |   0.0 |       0 |      17 |   0.0 |  1281
           D:7 |       0 |     421 |   0.0 |       0 |      10 |   0.0 |  1031
           D:8 |       0 |    3217 |   0.0 |       0 |      41 |   0.0 |  1702
           D:9 |       0 |    2370 |   0.0 |       0 |      34 |   0.0 |   924
          D:10 |       0 |     891 |   0.0 |       0 |      14 |   0.0 |   831
          D:11 |       0 |    7717 |   0.0 |       0 |      76 |   0.0 |  3085
          D:12 |       0 |    6229 |   0.0 |       0 |      22 |   0.0 |  2375
          D:13 |       0 |   22218 |   0.0 |       0 |      54 |   0.0 |  3154
          D:14 |       0 |    7896 |   0.0 |       0 |      20 |   0.0 |   840
          D:15 |       0 |   14517 |   0.0 |       0 |      35 |   0.0 |  1758
        Lair:1 |       0 |    5401 |   0.0 |       0 |      18 |   0.0 |   924
        Lair:2 |       0 |    8864 |   0.0 |       0 |      43 |   0.0 |  1407
        Lair:3 |       0 |    6352 |   0.0 |       0 |      29 |   0.0 |   905
        Lair:4 |       0 |    5261 |   0.0 |       0 |      23 |   0.0 |  1212
        Lair:5 |       0 |   16347 |   0.0 |       0 |      67 |   0.0 |  1763
        Lair:6 |       0 |   25004 |   0.0 |       0 |      62 |   0.0 |  1944
      Shoals:1 |       0 |   18022 |   0.0 |       0 |      27 |   0.0 |   896
      Shoals:2 |       0 |   23917 |   0.0 |       0 |      41 |   0.0 |  1214
      Shoals:3 |       0 |    4620 |   0.0 |       0 |       8 |   0.0 |  1282
      Shoals:4 |       0 |   50381 |   0.0 |       0 |      79 |   0.0 |  1770
      Spider:1 |       0 |   17768 |   0.0 |       0 |      51 |   0.0 |  1809
      Spider:2 |       0 |   12986 |   0.0 |       0 |      31 |   0.0 |  1470
      Spider:3 |       0 |   10656 |   0.0 |       0 |      29 |   0.0 |  1288
      Spider:4 |       0 |   35671 |   0.0 |       0 |      76 |   0.0 |  2454
       Slime:1 |       0 |    7375 |   0.0 |       0 |      20 |   0.0 |   907
       Slime:2 |       0 |   15087 |   0.0 |       0 |      27 |   0.0 |   317
       Slime:3 |       0 |    5837 |   0.0 |       0 |      11 |   0.0 |   715
       Slime:4 |       0 |   32123 |   0.0 |       0 |      45 |   0.0 |   944
       Slime:5 |       0 |   59148 |   0.0 |       0 |      60 |   0.0 |   981
         Orc:1 |       0 |    2257 |   0.0 |       0 |      42 |   0.0 |  1045
         Orc:2 |       0 |   13471 |   0.0 |       0 |      86 |   0.0 |  2484
         Elf:1 |       0 |   21096 |   0.0 |       0 |      34 |   0.0 |  3067
         Elf:2 |       0 |   39321 |   0.0 |       0 |      53 |   0.0 |  2899
         Elf:3 |       0 |   66627 |   0.0 |       0 |      64 |   0.0 |  3638
      Depths:1 |       0 |   62602 |   0.0 |       0 |      72 |   0.0 |  2130
      Depths:2 |       0 |   96975 |   0.0 |       0 |      84 |   0.0 |  2466
      Depths:3 |       0 |  135688 |   0.0 |       0 |     108 |   0.0 |  2954
      Depths:4 |       0 |   53899 |   0.0 |       0 |      70 |   0.0 |  2263
      Depths:5 |       0 |   65660 |   0.0 |       0 |      51 |   0.0 |  1330
         Zot:1 |       0 |   13401 |   0.0 |       0 |      10 |   0.0 |     6
         IceCv |       0 |    6427 |   0.0 |       0 |      54 |   0.0 |  1590
               +---------+---------+-------+---------+---------+-------+---------
